Map: Cactus Valley LE (Void)

Players

Ray

  • Race: Protoss Protoss
  • League: Diamond
  • Spawn Location: 7:00

Musumeci - Winner!

  • Race: Zerg Zerg
  • League: Diamond
  • Spawn Location: 1:00

VOD

Have the link to the VOD?

Description

Time

  • Played on: March 8, 2017, 8:07 a.m.
  • Length: 10:17
Show
View Real Time Build Order
Export as new Build Order

Ray Protoss 

Build Orders: Forge Fast Expand (FFE) 

Get SALT Encoding   

  12  0:01  Probe (Chrono Boost)  
  13  0:11  Probe (Chrono Boost)  
  14  0:24  Probe (Chrono Boost)  
  15  0:29  Pylon  
  15  0:47  Probe (Chrono Boost)  
  16  0:51  Forge  
  16  0:57  Probe (Chrono Boost)  
  17  1:08  Probe (Chrono Boost)  
  18  1:22  Probe (Chrono Boost)  
  19  1:33  Probe (Chrono Boost)  
  20  1:43  Nexus  
  20  1:45  Probe (Chrono Boost)  
  20  1:48  Photon Cannon  
  20  1:51  Gateway  
  20  1:54  Pylon  
  20  1:57  Probe (Chrono Boost)  
  22  2:08  Probe (Chrono Boost)  
  22  2:18  Assimilator  
  22  2:19  Probe (Chrono Boost)  
  23  2:29  Probe (Chrono Boost)  
  24  2:38  Assimilator  
  24  2:40  Cybernetics Core, Probe (Chrono Boost)  
  24  2:42  Gateway  
  25  2:50  Probe (Chrono Boost)  
  26  3:02  Probe x2 (Chrono Boost)  
  28  3:08  Pylon  
  29  3:13  Probe x2 (Chrono Boost)  
  29  3:14  Pylon  
  30  3:23  Probe (Chrono Boost)  
  30  3:24  Mothership Core (Chrono Boost)  
  30  3:26  Photon Cannon  
  33  3:31  Photon Cannon  
  33  3:37  Pylon  
  33  4:03  Photon Cannon  
  33  4:06  Photon Cannon  
  33  4:11  Pylon  
  33  4:12  Pylon  
  33  4:26  Pylon  
  33  4:33  Photon Cannon  
  33  4:35  Photon Cannon  
  33  4:37  Pylon  
  32  4:40  Probe (Chrono Boost)  
  32  4:42  Pylon  
  33  4:51  Probe (Chrono Boost)  
  33  4:52  Probe (Chrono Boost)  
  34  4:56  Gateway  
  34  5:08  Pylon  
  34  5:10  Pylon x2  
  34  5:16  Photon Cannon  
  34  5:28  Gateway  
  34  5:45  Stalker  
  34  5:49  Stalker  
  30  6:12  Photon Cannon  
  30  6:23  Stalker  
  29  6:26  Probe x2 (Chrono Boost)  
  28  6:38  Probe (Chrono Boost)  
  28  6:50  Probe (Chrono Boost)  
  29  6:56  Stalker  
  25  7:20  Stargate  
  25  7:22  Probe (Chrono Boost)  
  27  7:24  Probe (Chrono Boost)  
  27  7:28  Pylon  
  25  7:30  Stalker  
  25  7:31  Pylon  
  27  7:41  Probe (Chrono Boost)  
  27  7:46  Probe (Chrono Boost)  
  28  7:57  Probe (Chrono Boost)  
  29  8:00  Pylon  
  29  8:02  Void Ray  
  34  8:13  Probe (Chrono Boost)  
  34  8:21  Probe (Chrono Boost)  
  34  8:25  Probe (Chrono Boost)  
  36  8:32  Probe (Chrono Boost)  
  36  8:33  Zealot  
  37  8:37  Probe (Chrono Boost)  
  38  8:54  Gateway  
  38  9:02  Cybernetics Core  
  37  9:16  Probe (Chrono Boost)  
  38  9:28  Probe (Chrono Boost)  
  37  9:34  Void Ray  
  39  9:45  Stalker  
Show
View Real Time Build Order
Export as new Build Order

Musumeci Zerg - Winner!

Build Orders: Pool First, Ravager All-In 

Get SALT Encoding   

  12  0:02  Drone  
  13  0:23  Spawning Pool  
  13  0:28  Drone, Extractor  
  12  0:34  Drone  
  14  0:37  Extractor  
  14  0:38  Drone  
  14  0:44  Extractor  
  14  0:45  Drone  
  15  0:57  Overlord  
  15  1:10  Roach Warren  
  14  1:16  Zergling x2  
  15  1:22  Drone, Extractor  
  15  1:55  Roach  
  15  1:56  Roach x2  
  21  2:07  Drone  
  21  2:31  Overlord, Extractor  
  21  2:52  Ravager x3  
  21  2:53  Roach x2  
  28  3:06  Overlord  
  28  3:33  Ravager  
  28  3:34  Ravager  
  30  3:55  Hatchery  
  23  4:32  Roach  
  23  4:33  Roach x2  
  26  4:59  Ravager x3  
  23  5:07  Queen  
  23  5:08  Roach  
  27  5:16  Roach  
  29  5:22  Roach  
  31  5:29  Roach  
  33  5:43  Roach  
  33  5:55  Ravager  
  34  5:58  Roach  
  34  6:07  Ravager  
  30  6:14  Roach x2  
  29  6:36  Ravager x3  
  29  6:38  Roach  
  34  6:46  Roach  
  30  7:14  Roach  
  30  7:15  Roach x2  
  23  7:38  Roach x2  
  23  7:40  Ravager  
  23  7:41  Ravager x2  
  30  7:53  Drone  
  31  8:02  Drone  
  32  8:37  Roach x3  
  38  8:48  Overlord  
  38  9:06  Queen  
  38  9:08  Spore Crawler  
  39  9:10  Spore Crawler  
  34  9:27  Ravager x2  
  32  9:52  Ravager x2  
  35  10:00  Ravager  
Tags
 
Add a new tag
Caveats
  • Supply blocks, unpowered buildings, or Contaminate may cause inaccurate times.
  • Supply counts are checked every 10 seconds.